 Dungeon Crawl Stone Soup version 0.29-a0-824-gd827844252 (webtiles) character file.

Game seed: 4133657591501845826

2625 Bravis the Cleaver (level 9, -6/69 HPs)
             Began as a Gnoll Wanderer on July 9, 2022.
             Was a Follower of Ashenzari.
             Mangled by a wight
             ... wielding a +0 war axe
              (14 damage)
             ... on level 8 of the Dungeon.
             The game lasted 00:58:54 (8840 turns).

Bravis the Cleaver (Gnoll Wanderer)                 Turns: 8840, Time: 00:58:56

Health: -6/69      AC:  5    Str:  9    XL:     9   Next: 60%
Magic:  27/27      EV: 16    Int: 26    God:    Ashenzari [*.....]
Gold:   422        SH:  0    Dex: 20    Spells: 8/20 levels left

rFire   . . .      SeeInvis +   a - +7 falchion of Ashenzari's Comet {vorpal, Int+3 Dex+4 Stlth+, Alch, Self} (curse)
rCold   . . .      Faith    +   (no shield)
rNeg    . . .      Spirit   .   f - +0 robe
rPois   .          Reflect  .   b - +1 helmet
rElec   .          Harm     .   (no cloak)
rCorr   .          Rampage  .   (no gloves)
Will    .....                   l - +0 pair of boots
Stlth   ++++......              h - amulet "Eternal Augurer" {Faith Int+6 Dex+3 SInv, Elem, Fort} (curse)
HPRegen 0.21/turn               e - ring of magical power
MPRegen 0.20/turn               r - ring of wizardry

@: no status effects
A: fangs 1, strong nose, distributed training
a: Renounce Religion, Shatter the Chains


You were on level 8 of the Dungeon.
You worshipped Ashenzari.
Ashenzari was aware of your devotion.
You visited 2 branches of the dungeon, and saw 9 of its levels.

You collected 422 gold pieces.

Inventory:

Hand Weapons
 a - the cursed +7 falchion of Ashenzari's Comet (weapon) {vorpal, Int+3 Dex+4 Stlth+, Alch, Self}
   (You found it on level 6 of the Dungeon)

   It inflicts extra damage upon your enemies.
   Int:       It affects your intelligence (+3).
   Dex:       It affects your dexterity (+4).
   Stlth:     It makes you more stealthy.
   It has a curse which improves the following skills: Alchemy: Poison Magic and
   Transmutations.
   Introspection: Fighting and Spellcasting.
Armour
 b - a +1 helmet (worn)
 f - a +0 robe (worn)
 l - a +0 pair of boots (worn)
Jewellery
 e - a ring of magical power (left hand)
 h - the cursed amulet "Eternal Augurer" (around neck) {Faith Int+6 Dex+3 SInv, Elem, Fort}
   (You acquired it on level 1 of the Dungeon)

   [amulet of faith]

   It allows you to gain divine favour quickly.
   Int:       It affects your intelligence (+6).
   Dex:       It affects your dexterity (+3).
   SInv:      It lets you see invisible.
   It has a curse which improves the following skills: Elements: Fire Magic, Ice
   Magic, Air Magic and Earth Magic.
   Fortitude: Armour and Shields.
 r - a ring of wizardry (right hand)
Wands
 c - a wand of charming (4)
 i - a wand of acid (8)
 q - a wand of mindburst (12)
Scrolls
 g - a scroll of fear
 j - a scroll of brand weapon
 p - a scroll of teleportation
 t - a scroll of enchant weapon
 u - 2 scrolls of silence
 v - 2 scrolls of blinking
Potions
 d - 3 potions of flight
 k - a potion of heal wounds
 m - 3 potions of mutation
 n - a potion of ambrosia
 o - 3 potions of curing
 s - a potion of magic
 w - a potion of haste


   Skills:
 + Level 5.3(6.1) Fighting
 + Level 4.5 Short Blades
 + Level 4.5 Long Blades
 + Level 8.1 Axes
 + Level 4.5 Maces & Flails
 + Level 4.5 Polearms
 + Level 4.5 Staves
 + Level 4.5 Ranged Weapons
 + Level 4.5 Throwing
 + Level 4.5(5.4) Armour
 + Level 6.5 Dodging
 + Level 4.5 Stealth
 + Level 4.5(5.4) Shields
 + Level 4.5 Unarmed Combat
 + Level 5.4(6.3) Spellcasting
 + Level 3.8 Conjurations
 + Level 3.8 Hexes
 + Level 3.8 Summonings
 + Level 3.8 Necromancy
 + Level 3.8 Translocations
 + Level 3.8(4.5) Transmutations
 + Level 3.8(4.5) Fire Magic
 + Level 3.8(4.5) Ice Magic
 + Level 3.8(4.5) Air Magic
 + Level 3.8(4.5) Earth Magic
 + Level 5.4(6.3) Poison Magic
 + Level 5.0 Invocations
 + Level 5.3 Evocations


You had 8 spell levels left.
You knew the following spells:

 Your Spells              Type           Power      Damage    Failure   Level
a - Sting                 Tmut/Pois      100%       1d8       1%          1
b - Ignite Poison         Fire/Tmut/Pois 35%        N/A       1%          3
c - Mephitic Cloud        Conj/Pois/Air  33%        N/A       1%          3
d - Freezing Cloud        Conj/Ice/Air   15%        6-21      13%         5

Your spell library contained the following spells:

 Spells                   Type           Power      Damage    Failure   Level
 Magic Dart               Conj           100%       1d8       1%          1
 Slow                     Hex            100%       N/A       1%          1
 Confusing Touch          Hex            27%        N/A       1%          3
 Frozen Ramparts          Ice            64%        1d8       1%          3
 Inner Flame              Hex/Fire       30%        N/A       1%          3
 Vampiric Draining        Necr           27%        2d7       1%          3
 Ice Form                 Ice/Tmut       32%        N/A       4%          4
 Summon Ice Beast         Ice/Summ       30%        N/A       4%          4
 Cause Fear               Hex            13%        N/A       6%          4
 Discord                  Hex            13%        N/A       100%        8


Dungeon Overview and Level Annotations

Branches:
Dungeon (8/15)             Temple (1/1) D:5
   Lair: D:8-11

Altars:
Ashenzari
Cheibriados
Dithmenos
Fedhas
Gozag
Hepliaklqana
Kikubaaqudgha
Nemelex Xobeh
Okawaru
Qazlal
Ru
Sif Muna
Trog
Uskayaw
Vehumet
Wu Jian
Xom
Yredelemnul
Zin
The Shining One

Shops:
D:4 *   D:5 :*

Annotations:
D:3 3 runed translucent doors, greasedhog's ghost, amateur FoFi
D:4 2 transporters, Shayle's ghost, novice NaBr


Innate Abilities, Weirdness & Mutations

You have very sharp teeth.
Your uncanny sense of smell can sniff out nearby items.
Your experience applies equally to all skills.


Message History

Press: ? - help, Dir - move target
Okay, then.
Casting: Freezing Cloud (dangerous; 13% risk of failure)
Confirm with . or Enter, or press ? or * to list all spells.
Aiming: Freezing Cloud (dangerous; 13% risk of failure)
Press: ? - help, Dir - move target You hear two shouts!
The wight is engulfed in freezing vapours.
A two-headed ogre comes into view.
It is wielding a +0 giant club and a +0 dire flail.
You hit the wight but do no damage. You bite the wight, but do no damage.
The wight is heavily damaged.
The wight is engulfed in freezing vapours.
The wight misses you.
You closely miss the wight. You punch the wight, but do no damage.
The wight is heavily damaged.
The wight is engulfed in freezing vapours.
The wight hits you but does no damage.
You hit the wight.
You destroy the wight!
A wight comes into view.
It is wielding a +2 morningstar of freezing.
There is a stone staircase leading up, spattered with blood here.
The wight is engulfed in freezing vapours.
You climb upwards.
There is a stone staircase leading down here.
Magic restored.
HP restored.
Done exploring.
Casting: Freezing Cloud (dangerous; 13% risk of failure)
Confirm with . or Enter, or press ? or * to list all spells.
Okay, then.
Casting: Freezing Cloud (dangerous; 13% risk of failure)
Confirm with . or Enter, or press ? or * to list all spells.
Okay, then.
You climb downwards.
The two-headed ogre hits you with a +0 giant club!!
Ouch! That really hurt!
The two-headed ogre hits you with a +0 dire flail!!
* * * LOW HITPOINT WARNING * * *
The wight completely misses you. The wight hits you with a +0 war axe!
You die...

......# .. ∆ ......##.#
#.......# # #....... z#
.. .....# ... [.. ∆#...#
... ....##### #...## ..
........####....##)##
......z@.##.#.).))).#
........O...#.####......
..........[...# .....
.........z...## ....
.............# ...
............## ..
........##.## .
##.###..##.. ## ### ###.


You could see a two-headed ogre and 2 wights.

Vanquished Creatures
  Sigmund (D:3)
  An orc warrior (D:7)
  3 sky beasts
  3 ogres
  4 kobold brigands
  3 bullfrogs
  A necrophage (D:3)
  3 scorpions
  2 wights (D:8)
  3 killer bees (D:8)
  3 jellies
  2 orc priests (D:5)
  3 gnoll boudas
  2 hounds
  Jessica (D:3)
  5 iguanas
  Natasha (D:3)
  4 orc wizards
  9 gnolls
  8 adders
  2 shadow imps
  3 white imps
  An ufetubus (D:4)
  A dart slug (D:4)
  2 worms
  24 orcs
  5 endoplasms
  4 giant cockroaches
  8 hobgoblins
  3 jackals (D:3)
  A quokka (D:4)
  9 ball pythons
  3 bats
  2 frilled lizards
  5 goblins (D:1)
  28 kobolds
  4 rats
167 creatures vanquished.

Vanquished Creatures (others)
  4 plants
4 creatures vanquished.

Grand Total: 171 creatures vanquished

Notes
Turn   | Place    | Note
-------+----------+-------------------------------------------
     0 | D:1      | Bravis the Gnoll Wanderer began the quest for the Orb.
     0 | D:1      | Bravis set off with the following items: a +2 hand axe, a
                  | +0 helmet, a scroll of teleportation, a +0 robe; and the
                  | following spell memorised: Sting; and the following spells
                  | available to memorise: Mephitic Cloud.
     0 | D:1      | Reached XP level 1. HP: 17/17 MP: 4/4
   332 | D:1      | Reached XP level 2. HP: 23/23 MP: 5/5
   515 | D:1      | Identified a scroll of acquirement
   515 | D:1      | Acquired the amulet of Mufrasy {Faith Int+6 Dex+3 SInv}
   538 | D:1      | Found a faded altar of an unknown god.
   546 | D:1      | Got Plato's Compendium of Battle Magic
   927 | D:2      | Reached XP level 3. HP: 28/28 MP: 7/7
   998 | D:2      | Identified the +2 ring mail of Hangman {Int+3 Stlth+}
  1455 | D:2      | Reached skill level 1 in Invocations
  1817 | D:3      | Reached skill level 1 in Short Blades
  1817 | D:3      | Reached skill level 1 in Long Blades
  1817 | D:3      | Reached skill level 1 in Maces & Flails
  1817 | D:3      | Reached skill level 1 in Polearms
  1817 | D:3      | Reached skill level 1 in Staves
  1817 | D:3      | Reached skill level 1 in Ranged Weapons
  1817 | D:3      | Reached skill level 1 in Throwing
  1817 | D:3      | Reached skill level 1 in Armour
  1817 | D:3      | Reached skill level 1 in Stealth
  1817 | D:3      | Reached skill level 1 in Shields
  1817 | D:3      | Reached skill level 1 in Unarmed Combat
  1967 | D:3      | Found a runed translucent gate.
  1967 | D:3      | Found a runed translucent gate.
  1967 | D:3      | Found a runed translucent gate.
  1972 | D:3      | Noticed greasedhog's ghost (amateur FoFi)
  1974 | D:3      | Noticed a kobold brigand
  2072 | D:3      | Found a sacrificial altar of Ru.
  2101 | D:3      | Noticed a necrophage
  2109 | D:3      | HP: 1/24 [necrophage (2)]
  2125 | D:3      | Reached XP level 4. HP: 24/31 MP: 8/8
  2135 | D:3      | Reached skill level 1 in Conjurations
  2135 | D:3      | Reached skill level 1 in Hexes
  2135 | D:3      | Reached skill level 1 in Summonings
  2135 | D:3      | Reached skill level 1 in Necromancy
  2135 | D:3      | Reached skill level 1 in Translocations
  2135 | D:3      | Reached skill level 1 in Transmutations
  2135 | D:3      | Reached skill level 1 in Fire Magic
  2135 | D:3      | Reached skill level 1 in Ice Magic
  2135 | D:3      | Reached skill level 1 in Air Magic
  2135 | D:3      | Reached skill level 1 in Earth Magic
  2292 | D:3      | Learned a level 3 spell: Ignite Poison
  2306 | D:3      | Killed a necrophage
  2307 | D:3      | Reached XP level 5. HP: 38/41 MP: 9/9
  2594 | D:3      | Noticed Sigmund
  2602 | D:3      | Learned a level 3 spell: Mephitic Cloud
  2645 | D:3      | Killed Sigmund
  2646 | D:3      | Reached skill level 5 in Dodging
  2646 | D:3      | Reached XP level 6. HP: 18/47 MP: 3/11
  2936 | D:3      | Noticed Jessica
  2939 | D:3      | Killed Jessica
  2995 | D:3      | Noticed Natasha
  3014 | D:3      | Killed Natasha
  3301 | D:4      | Reached skill level 7 in Axes
  3301 | D:4      | Reached XP level 7. HP: 52/52 MP: 12/12
  3336 | D:4      | Found Buevuewn's Bounteous Boutique.
  3469 | D:4      | Found a glowing golden altar of the Shining One.
  3570 | D:4      | Found a transporter.
  3573 | D:4      | Noticed Shayle's ghost (novice NaBr)
  3659 | D:4      | Found a transporter.
  3955 | D:4      | Found a hide-covered altar of Uskayaw.
  4239 | D:5      | Entered Level 5 of the Dungeon
  4536 | D:5      | Reached XP level 8. HP: 60/60 MP: 6/14
  4651 | D:5      | Found Totunatee's Book Shop.
  4670 | D:5      | Found Maleal's General Store.
  4734 | D:5      | Found a staircase to the Ecumenical Temple.
  5230 | D:5      | Identified the +1 cloak of Hairiness {*Corrode rF+++ rN+
                  | Regen+}
  5491 | D:5      | Found an iron altar of Okawaru.
  5491 | D:5      | Found a snail-covered altar of Cheibriados.
  5497 | D:5      | Found a bloodstained altar of Trog.
  5499 | D:5      | Found a sparkling altar of Nemelex Xobeh.
  5501 | D:5      | Found an ancient bone altar of Kikubaaqudgha.
  5534 | Temple   | Entered the Ecumenical Temple
  5567 | Temple   | Became a worshipper of Ashenzari the Shackled
  5786 | D:6      | Found a shimmering altar of Xom.
  6151 | D:6      | Found a basalt altar of Yredelemnul.
  6841 | D:6      | Identified the +7 falchion "Zyr Odypn" {vorpal, Int+3 Dex+4
                  | Stlth+}
  6882 | D:6      | Found an opulent altar of Gozag.
  7094 | D:7      | Reached skill level 5 in Poison Magic
  7147 | D:7      | Found a flagged portal.
  7215 | D:7      | Reached XP level 9. HP: 48/68 MP: 16/16
  7849 | D:7      | Reached skill level 5 in Spellcasting
  8112 | D:7      | Reached skill level 5 in Fighting
  8112 | D:7      | Reached skill level 5 in Evocations
  8545 | D:8      | Reached * piety under Ashenzari
  8552 | D:8      | Learned a level 5 spell: Freezing Cloud
  8596 | D:8      | Reached skill level 8 in Axes
  8619 | D:8      | Reached skill level 5 in Invocations
  8631 | D:8      | Noticed a two-headed ogre
  8840 | D:8      | Mangled by a wight

Illustrated notes

Levels and vault maps discovered:
D:1:      nicolae_arrival_washed_ashore, layout_rooms,
          shapermc_ecumenical_altar_rom_forum, minmay_pentomino_p4
D:2:      layout_loops_corners
D:3:      layout_basic, mainiacjoe_overflow_surrounded_room,
          gammafunk_ghost_nasty_kobolds, uniq_sigmund, uniq_natasha,
          uniq_jessica
D:4:      layout_basic, mainiacjoe_overflow_paths, mainiacjoe_overflow_brackets,
          gammafunk_ghost_stat_death, nicolae_alphabet_shops
D:5:      cheibrodos_quashed, layout_cave_pools,
          chequers_temple_overflow_minitemple,
          minmay_temple_entry_gardened_gates, serial_shops,
          nicolae_shop_waterfront, kennysheep_mini_moat
D:6:      layout_basic, mainiacjoe_overflow_catwalk_spiral,
          nicolae_gozag_cash_rules_everything_around_me
D:7:      layout_basic, enter_bailey_4
D:8:      minmay_the_grid_triangle_9x9_recursive_2
          [minmay_the_grid_triangle_9x9_prize_top_heavy,
          minmay_the_grid_triangle_9x9_windchime,
          minmay_the_grid_triangle_9x9_longest,
          minmay_the_grid_triangle_9x9_odd_lines], layout_cave_pools
Temple:   chequers_temple_sunken

Skill      XL: |  1  2  3  4  5  6  7  8  9 |
---------------+----------------------------+-----
Invocations    | 1 2 3 4 5 |  5.0
Short Blades   | 1 2 3 4 |  4.5
Long Blades    | 1 2 3 4 |  4.5
Maces & Flails | 1 2 3 4 |  4.5
Polearms       | 1 2 3 4 |  4.5
Staves         | 1 2 3 4 |  4.5
Ranged Weapons | 1 2 3 4 |  4.5
Throwing       | 1 2 3 4 |  4.5
Armour         | 1 2 3 4 |  4.5
Stealth        | 1 2 3 4 |  4.5
Shields        | 1 2 3 4 |  4.5
Unarmed Combat | 1 2 3 4 |  4.5
Spellcasting   | 3 4 5 |  5.4
Conjurations   | 1 2 3 |  3.8
Hexes          | 1 2 3 |  3.8
Summonings     | 1 2 3 |  3.8
Necromancy     | 1 2 3 |  3.8
Translocations | 1 2 3 |  3.8
Transmutations | 1 2 3 |  3.8
Fire Magic     | 1 2 3 |  3.8
Ice Magic      | 1 2 3 |  3.8
Air Magic      | 1 2 3 |  3.8
Earth Magic    | 1 2 3 |  3.8
Fighting       | 3 4 5 |  5.3
Poison Magic   | 4 5 |  5.4
Evocations     | 3 4 5 |  5.3
Dodging        | 5 6 |  6.5
Axes           | 7 8 |  8.1

Action                   |  1- 3 |  4- 6 |  7- 9 || total
-------------------------+-------+-------+-------++-------
Melee: Hand axe          |    36 |    24 |    11 ||    71
       Bite              |     1 |     4 |    12 ||    17
       Staff             |       |       |    17 ||    17
       Falchion          |       |       |    69 ||    69
       Punch             |       |       |     1 ||     1
 Cast: Sting             |    36 |    14 |   116 ||   166
       Ignite Poison     |       |     5 |    46 ||    51
       Mephitic Cloud    |       |     3 |    28 ||    31
       Freezing Cloud    |       |       |     3 ||     3
Invok: Curse Item        |       |       |     2 ||     2
  Use: Scroll            |     8 |     2 |     4 ||    14
       Potion            |     4 |       |       ||     4
 Stab: Sleeping          |     5 |       |     2 ||     7
       Distracted        |       |     1 |       ||     1
       Confused          |       |       |     2 ||     2
Armor: Robe              |     1 |     1 |    15 ||    17
       Ring mail         |     9 |     2 |       ||    11
       Skin              |       |     5 |       ||     5
Dodge: Dodged            |    25 |    17 |   126 ||   168

Table legend: (Time is in decaauts)
 A = Elapsed time spent in this place.
 B = Non-inter-level travel time spent in this place.
 C = Inter-level travel time spent in this place.
 D = Time resting spent in this place.
 E = Time spent auto-exploring this place.
 F = Levels seen in this place.
 G = Mean time per level.
                   A        B        C        D        E       F      G
               +--------+--------+--------+--------+--------+-----+--------+
         Total |   8870 |   8597 |    273 |    200 |   7126 |   9 |  985.6 |
       Dungeon |   8639 |   8399 |    240 |    200 |   6943 |   8 | 1079.9 |
        Temple |    230 |    198 |     32 |      0 |    183 |   1 |  230.0 |
               +--------+--------+--------+--------+--------+-----+--------+

Top non-repeatable levels by time:
     D:7: 1679 daAuts
     D:5: 1475 daAuts
     D:3: 1412 daAuts
     D:6: 1163 daAuts
     D:4: 1007 daAuts
     D:2: 934 daAuts
     D:1: 863 daAuts
  Temple: 230 daAuts
     D:8: 103 daAuts
